 Dungeon Crawl Stone Soup version 0.29.1-12-g30fa7ad0bf (webtiles) character file.

Game seed: 10741157011526553463

323 mikeweasel the Ruffian (level 6, -2/55 HPs)
             Began as a Troll Transmuter on Jan 9, 2023.
             Was a High Priest of Ignis.
             Slain by Sigmund
             ... wielding a +0 scythe
              (7 damage)
             ... on level 3 of the Dungeon on Jan 10, 2023.
             The game lasted 00:29:14 (2976 turns).

mikeweasel the Ruffian (Troll Transmuter)           Turns: 2976, Time: 00:29:14

Health: -2/55      AC:  4    Str: 19    XL:     6   Next: 23%
Magic:  16/16      EV: 10    Int: 11    God:    Ignis [*****.]
Gold:   199        SH:  0    Dex: 10    Spells: 2/8 levels left

rFire   + + .      SeeInvis .   k - +3 mace (protect)
rCold   x . .      Faith    .   (no shield)
rNeg    . . .      Spirit   .   a - +0 robe
rPois   .          Reflect  .   (helmet restricted)
rElec   .          Harm     .   (no cloak)
rCorr   .          Rampage  .   (gloves unavailable)
Will    .....                   (boots unavailable)
Stlth   +.........              (no amulet)
HPRegen 0.98/turn               i - ring of fire
MPRegen 0.15/turn               j - ring of magical power

@: about to teleport
A: large, unfitting armour, claws 3, regeneration 1, shaggy fur 1, tough skin 1
a: Renounce Religion, Fiery Armour, Foxfire Swarm, Rising Flame


You were on level 3 of the Dungeon.
You worshipped Ignis.
Ignis was extremely pleased with you.
You visited 1 branch of the dungeon, and saw 5 of its levels.

You collected 199 gold pieces.

Inventory:

Hand Weapons
 e - a +1 dagger of venom
 k - a +3 mace of protection (weapon)
Missiles
 h - 3 poisoned darts (quivered)
Armour
 a - a +0 robe (worn)
Jewellery
 i - a ring of fire (left claw)
 j - a ring of magical power (right claw)
Scrolls
 c - 7 scrolls of identify
 f - 2 scrolls of teleportation
Potions
 b - 4 potions of lignification
 g - a potion of curing


   Skills:
 + Level 1.3 Fighting
 + Level 0.6 Short Blades
 + Level 2.2 Maces & Flails
 + Level 0.6 Throwing
 + Level 3.2 Dodging
 + Level 0.2 Stealth
 + Level 3.9 Unarmed Combat
 + Level 1.7 Spellcasting
 + Level 1.9 Transmutations


You had 2 spell levels left.
You knew the following spells:

 Your Spells              Type           Power      Damage    Failure   Level
a - Beastly Appendage     Tmut           10%        N/A       14%         1
b - Wereblood             Tmut           5%         N/A       21%         2
c - Spider Form           Tmut/Pois      3%         N/A       52%         3

Your spell library contained the following spells:

 Spells                   Type           Power      Damage    Failure   Level
 Shock                    Conj/Air       0%         1d3       30%         1
 Swiftness                Air            0%         N/A       65%         3
 Ice Form                 Ice/Tmut       3%         N/A       90%         4
 Airstrike                Air            0%         2d(0-16)  96%         4


Dungeon Overview and Level Annotations

Branches:
Dungeon (5/15)
 Temple: D:4-7

Altars:
Uskayaw
Ignis

Annotations:
D:3 Sigmund


Innate Abilities, Weirdness & Mutations

You are too large for most types of armour.
You have claws for hands.
Your natural rate of healing is unusually fast.
You are covered in fur. (AC +1)
You have tough skin. (AC +1)


Message History

You throw a poisoned dart.
The poisoned dart barely misses Sigmund.
Throw: 5 darts (poison)
Press: ? - help, Q - select action, (/) - cycle Shift-Dir - straight line, f/p - Sigmund
Aim: Sigmund, wielding a +0 scythe and wearing a +0 robe (50% to hit)
You throw a poisoned dart.
The poisoned dart closely misses Sigmund.
Sigmund drinks a potion.
Sigmund flickers and vanishes!
Deactivating autopickup; reactivate with Ctrl-A.
Throw: 4 darts (poison)
Press: ? - help, Q - select action, (/) - cycle Shift-Dir - straight line, f - you
Okay, then.
You start waiting.
There is a strange disturbance nearby!
Throw: 4 darts (poison)
Press: ? - help, Q - select action, (/) - cycle Shift-Dir - straight line You throw a poisoned dart.
Something hits you! Something hits you. x2
You hear some strange, mumbled words.
You are confused.
Something hits you!
You closely miss something. Something hits you!
You barely miss something. Something hits you.
You closely miss something.
You hear some strange, mumbled words.
A magic dart appears from out of thin air!
The magic dart hits you.
Your magical effects are unravelling.
You feel magically purged.
You feel less confused. Something hits you!
* * * LOW HITPOINT WARNING * * *
Unknown command.
As you read the scroll of teleportation, it crumbles to dust.
You feel strangely unstable.
You miss something. Something hits you!
* * * LOW HITPOINT WARNING * * *
Something hits you!
You die...

#.# #.# #.# #.# #.#
#.# #.#
##.##############.#
#.............@...#
#........######{......
#... ##.#####.#
..##.(..... #... #.#
#.# #.......... #...
#.# #.# #..#.......
#... #.# #.#
#..#....... #... #.#
#"# #..#....... ...#
#.# #.#.#..#......( #.
#.# #.#........... #.


There were no monsters in sight!

Vanquished Creatures
  A black bear (D:4)
  A howler monkey (D:4)
  2 orc priests (D:5)
  An orc wizard (D:5)
  4 adders
  2 worms (D:2)
  A dart slug (D:1)
  An orc (D:5)
  5 bats
  6 endoplasms
  2 giant cockroaches (D:1)
  10 goblins
  4 hobgoblins
  2 jackals (D:1)
  6 kobolds
  4 quokkas
  8 ball pythons
  5 frilled lizards (D:1)
  9 rats
74 creatures vanquished.

Notes
Turn   | Place    | Note
-------+----------+-------------------------------------------
     0 | D:1      | mikeweasel the Troll Transmuter began the quest for the
                  | Orb.
     0 | D:1      | Reached XP level 1. HP: 18/18 MP: 1/1
   114 | D:1      | Reached XP level 2. HP: 26/26 MP: 3/3
   258 | D:1      | Reached skill level 1 in Fighting
   361 | D:1      | Reached XP level 3. HP: 33/33 MP: 4/4
   364 | D:1      | Learned a level 2 spell: Wereblood
  1256 | D:2      | Found a faded altar of an unknown god.
  1265 | D:2      | Prayed at the altar of an unknown god.
  1265 | D:2      | Became a worshipper of Ignis, the Dying Flame
  1267 | D:2      | Reached XP level 4. HP: 41/41 MP: 5/5
  1681 | D:3      | Learned a level 3 spell: Spider Form
  2064 | D:3      | You fall into a shaft and drop 2 floors!
  2064 | D:5      | Entered Level 5 of the Dungeon
  2123 | D:5      | Reached skill level 1 in Maces & Flails
  2236 | D:5      | Reached XP level 5. HP: 18/48 MP: 6/6
  2336 | D:4      | Found a hide-covered altar of Uskayaw.
  2421 | D:4      | Noticed a black bear
  2432 | D:4      | Killed a black bear
  2433 | D:4      | Reached XP level 6. HP: 48/55 MP: 7/7
  2869 | D:3      | Identified the amulet of Wiamnuam {Spirit -Cast rElec Str+3
                  | Stlth+}
  2955 | D:3      | Noticed Sigmund
  2976 | D:3      | Slain by Sigmund

Illustrated notes

Levels and vault maps discovered:
D:1:      dpeg_arrival_subterranean_lakeside_camping, layout_loops_ring,
          minmay_tiny_reverse_x
D:2:      layout_loops_cross, shapermc_ecumenical_altar_mp_highgroup
D:3:      layout_basic, good_gods_mini_temple, hex_intersection,
          kennysheep_nondescript, kennysheep_another_room,
          hangedman_decor_slide_cut, uniq_sigmund
D:4:      layout_basic, eat_drink_and_be_merry_uskayaw
D:5:      layout_basic, serial_shops, shop, corexii_hall_statues_t,
          minmay_misc_feat_hallway, grunt_decor_resistance

Skill      XL: |  1  2  3  4  5  6 |
---------------+-------------------+-----
Fighting       | 1 |  1.3
Dodging        | 2 3 |  3.2
Maces & Flails | 1 2 |  2.2
Short Blades   | |  0.6
Throwing       | |  0.6
Stealth        | |  0.2
Unarmed Combat | |  3.9
Spellcasting   | |  1.7
Transmutations | |  1.9

Action                   |  1- 3 |  4- 6 || total
-------------------------+-------+-------++-------
Melee: Unarmed           |    11 |    17 ||    28
       Dagger            |    81 |       ||    81
       Mace              |    32 |    73 ||   105
       Punch             |     2 |     1 ||     3
       Headbutt          |     1 |     5 ||     6
       Kick              |       |     4 ||     4
Throw: Boomerang         |     5 |     4 ||     9
       Dart              |       |    17 ||    17
 Cast: Beastly Appendage |     4 |     7 ||    11
       Wereblood         |     3 |     3 ||     6
  Use: Potion            |     4 |     3 ||     7
       Scroll            |     4 |     6 ||    10
Armor: Robe              |    46 |    62 ||   108
Dodge: Dodged            |    65 |    53 ||   118
